 Dungeon Crawl Stone Soup version 0.21-a0-71-g5e5ddd2 (webtiles) character file.

2245 Ijustatesigmund the Skirmisher (level 9, -2/64 HPs)
             Began as an Octopode Assassin on June 19, 2017.
             Was a Priest of Okawaru.
             Shot with a sling bullet by Joseph (6 damage)
             ... on level 7 of the Dungeon.
             The game lasted 00:19:55 (6895 turns).

Ijustatesigmund the Skirmisher (Octopode Assassin)  Turns: 6895, Time: 00:19:56

Health: -2/64      AC:  3    Str: 10    XL:     9   Next: 37%
Magic:  12/12      EV: 15    Int: 14    God:    Okawaru [***...]
Gold:   246        SH:  0    Dex: 16    Spells: 7/8 levels left

rFire    . . .     SeeInvis .   D - +0 short sword (vamp)
rCold    . . .     Gourm    .   (no shield)
rNeg     . . .     Faith    .   q - +2 hat
rPois    .         Spirit   .   (no amulet)
rElec    .         Reflect  .   (no ring)
rCorr    .         Harm     .   (no ring)
MR       .....                  (no ring)
Stlth    ++++......             (no ring)
HPRegen  0.20/turn              (no ring)
MPRegen  0.13/turn              (no ring)
                                (no ring)
                                (no ring)

@: lethally poisoned (-2 -> -4)
A: almost no armour, stealthy swim, amphibious, 8 rings, constrict 8, tentacle
spike 1, camouflage 1, wild magic 1, gelatinous body 1
a: Heroism, Renounce Religion


You were on level 7 of the Dungeon.
You worshipped Okawaru.
Okawaru was most pleased with you.
You were not hungry.

You visited 1 branch of the dungeon, and saw 7 of its levels.
You also visited: Sewer.

You collected 246 gold pieces.

Inventory:

Hand Weapons
 a - a +2 dagger of freezing
 b - a +1 blowgun
 D - a +0 vampiric short sword (weapon)
Missiles
 c - 36 poisoned needles
 d - 2 curare-tipped needles
 p - 8 javelins (quivered)
Armour
 q - a +2 hat (worn)
Wands
 l - a wand of paralysis (7/24)
 r - a wand of lightning (6/15)
 E - a wand of scattershot (3/9)
Scrolls
 j - a scroll of teleportation
 m - 7 scrolls of remove curse
 v - 2 scrolls of magic mapping
 y - 2 scrolls of enchant weapon
 z - a scroll of blinking
 A - 2 scrolls of amnesia
Potions
 e - a potion of might
 g - a potion of brilliance
 h - 2 potions of flight
 s - 3 potions of curing
 t - a potion of invisibility
 u - a potion of resistance
 w - a potion of cancellation
 C - a potion of magic
Books
 o - a book of Conjurations

   Spells                             Type                      Level
   a - Magic Dart                     Conjuration                  1
   b - Searing Ray                    Conjuration                  2
   c - Dazzling Spray                 Conjuration/Hexes            3
   d - Fulminant Prism                Conjuration/Hexes            4
   e - Force Lance                    Conjuration/Translocation    4
   f - Iskenderun's Mystic Blast      Conjuration                  4
Miscellaneous
 k - a lightning rod (3/4)
Comestibles
 f - 2 bread rations
 i - 3 meat rations


   Skills:
 - Level 7.0 Fighting
 - Level 7.0 Short Blades
 - Level 4.2 Throwing
 + Level 4.0 Dodging
 - Level 5.3 Stealth
 + Level 5.3 Invocations


You had 7 spell levels left.
You knew the following spells:

 Your Spells              Type           Power        Failure   Level  Hunger
a - Magic Dart            Conj           #...         36%         1    ##.....


Dungeon Overview and Level Annotations

Branches:
Dungeon (7/15)
 Temple: D:4-7

Altars:
Ashenzari
Dithmenos
Gozag
Hepliaklqana
Okawaru
Trog
Uskayaw
Vehumet
Wu Jian
Xom
Yredelemnul

Shops:
D:4 *

Annotations:
D:5 exclusion: statue
D:7 Joseph, Prince Ribbit


Innate Abilities, Weirdness & Mutations

You cannot wear most types of armour.
You are very stealthy in the water. (Stealth+)
You are amphibious.
You can wear up to eight rings at the same time.
You can use your tentacles to constrict eight enemies at once.
Your skin changes colour to match your surroundings (Stealth+).
Your rubbery body absorbs attacks. (AC +1, EV +1)
One of your tentacles bears a spike.
Your spells are a little harder to cast, but a little more powerful.


Message History

The orc warrior shouts!
Joseph unwields an uncursed runed quarterstaff.
Joseph wields a hunting sling.
Joseph shoots a sling bullet.
The sling bullet hits you!
* * * LOW HITPOINT WARNING * * *
The orc wizard hits you with a dagger.
* * * LOW HITPOINT WARNING * * *
Found a sling bullet and a glowing war axe.
An orc and Joseph come into view.
You see here a sling bullet.
You feel much better.
You feel sick. The orc warrior misses you. The orc wizard casts a spell at you.
The puff of flame hits you!
* * * LOW HITPOINT WARNING * * *
The orc barely misses you.
The orc wizard hits you but does no damage.
Prince Ribbit hits you!
* * * LOW HITPOINT WARNING * * *
Joseph shoots a sling bullet.
The sling bullet hits you.
You die...

# @.
#..########
#.........#
#.........#
#......oo.#
#.....F@oa#
#.......o.#
#.......).#
####.######
#. #


You could see Joseph, Prince Ribbit, an orc warrior, a worker ant, 2 orc wizards
and an orc.

Vanquished Creatures
  A hungry ghost (D:7)
  3 orc warriors
  A necrophage (D:5)
  4 centaurs
  4 bullfrogs
  A water moccasin zombie (D:5)
  A scorpion (D:5)
  A howler monkey (D:4)
  3 crimson imps
  A centaur skeleton (D:4)
  4 hounds
  An orc priest (D:7)
  2 bullfrog skeletons
  Crazy Yiuf (D:2)
  2 iguanas (D:6)
  9 orc wizards
  5 worker ants
  A hound skeleton (D:4)
  5 adders
  A shadow imp (D:6)
  8 oozes
  An adder skeleton (D:6)
  4 worms
  A dart slug (D:4)
  14 leopard geckos
  24 orcs
  11 ball pythons
  18 giant cockroaches
  4 goblins
  3 hobgoblins
  4 jackals (D:6)
  3 kobolds
  A quokka (D:3)
  7 bats
  18 frilled lizards
  A jackal zombie (D:6)
  6 rats
  A fungus (D:2)
180 creatures vanquished.

Notes
Turn   | Place    | Note
-------+----------+-------------------------------------------
     0 | D:1      | Ijustatesigmund the Octopode Assassin began the quest for the Orb.
     0 | D:1      | Reached XP level 1. HP: 14/14 MP: 1/1
   142 | D:1      | Reached XP level 2. HP: 17/20 MP: 2/2
   866 | D:2      | Reached XP level 3. HP: 26/26 MP: 3/3
  1222 | D:2      | Found a bloodstained altar of Trog.
  1222 | D:2      | Found an iron altar of Okawaru.
  1342 | D:2      | Became a worshipper of Warmaster Okawaru
  1744 | D:2      | Found a runed door.
  1749 | D:2      | Noticed Crazy Yiuf
  1774 | D:2      | Killed Crazy Yiuf
  1774 | D:2      | Reached XP level 4. HP: 31/31 MP: 4/4
  1909 | D:3      | Reached skill level 1 in Invocations
  2000 | D:3      | Found a glowing drain.
  2009 | Sewer    | Entered a sewer
  2062 | Sewer    | Reached XP level 5. HP: 36/36 MP: 5/5
  2220 | Sewer    | Reached * piety under Okawaru
  2220 | Sewer    | Reached XP level 6. HP: 37/43 MP: 7/7
  2493 | D:3      | Learned a level 1 spell: Magic Dart
  2530 | D:3      | Gained mutation: Your spells are a little harder to cast, but a little more powerful. [potion of mutation]
  2530 | D:3      | Gained mutation: One of your tentacles bears a spike. [potion of mutation]
  3276 | D:4      | Reached XP level 7. HP: 39/49 MP: 8/8
  3292 | D:4      | Found an opulent altar of Gozag.
  3305 | D:4      | Found a hazy altar of Hepliaklqana.
  3306 | D:4      | Found a basalt altar of Yredelemnul.
  3308 | D:4      | Found a shimmering altar of Xom.
  3308 | D:4      | Found a hide-covered altar of Uskayaw.
  3679 | D:4      | Reached ** piety under Okawaru
  3679 | D:4      | Reached skill level 5 in Fighting
  3932 | D:4      | Found Guiloo Uxof's Assorted Antiques.
  4062 | D:4      | HP: 2/50 [poisoned by a worker ant]
  4386 | D:4      | Reached skill level 5 in Short Blades
  4627 | D:5      | Entered Level 5 of the Dungeon
  4654 | D:5      | Found an ornate altar of the Wu Jian Council.
  4735 | D:5      | Reached XP level 8. HP: 51/56 MP: 10/10
  5254 | D:5      | Found a radiant altar of Vehumet.
  5503 | D:6      | Found a shadowy altar of Dithmenos.
  5911 | D:6      | Found a shattered altar of Ashenzari.
  5971 | D:6      | Reached *** piety under Okawaru
  5986 | D:6      | Reached XP level 9. HP: 47/63 MP: 12/12
  6524 | D:7      | Reached skill level 5 in Invocations
  6894 | D:7      | Noticed Prince Ribbit
  6895 | D:7      | Noticed Joseph
  6895 | D:7      | Shot with a sling bullet by Joseph

Vault maps used:
D:1:      dpeg_arrival_brainrot, kennysheep_crisscross, minmay_door_square
D:2:      gammafunk_temple_overflow_wave, uniq_crazy_yiuf_cottage
D:3:      portal_sewer_entry_f
D:4:      grunt_temple_overflow_open, first_bread, serial_shops, shop,
          serial_glass, glass_columns_c, glass_columns_b, glass_columns_a,
          glass_columns_a, glass_columns_b, glass_columns_b, glass_columns_a,
          glass_columns_a
D:5:      vehumet_statue, lemuel_doored_altar
D:6:      cheibrodos_ashenzari_chains, nicolae_dithmenos_the_darkroom
D:7:      minmay_temple_entry_hall, the_bakery, uniq_prince_ribbit1, uniq_joseph
Sewer:    sewer_frog_island_02

Skill      XL: |  1  2  3  4  5  6  7  8  9 |
---------------+----------------------------+-----
Fighting       | 3 4 5 6 7 |  7.0
Short Blades   | 3 4 5 6 7 |  7.0
Invocations    | 1 2 3 4 5 |  5.3
Dodging        | 2 3 4 |  4.0
Throwing       | 3 4 |  4.2
Stealth        | |  5.3

Action                   |  1- 3 |  4- 6 |  7- 9 || total
-------------------------+-------+-------+-------++-------
Melee: Dagger            |    56 |   143 |   200 ||   399
       Constrict         |    11 |    27 |    56 ||    94
       Tentacles         |     7 |    21 |    66 ||    94
       Kick              |       |    11 |    80 ||    91
       Punch             |       |       |     1 ||     1
       Short sword       |       |       |    54 ||    54
 Fire: Blowgun           |    10 |       |     3 ||    13
Throw: Javelin           |       |       |     7 ||     7
 Cast: Magic Dart        |       |     1 |       ||     1
Invok: Heroism           |       |       |     5 ||     5
Evoke: Lightning rod     |       |       |     1 ||     1
       Wand              |       |       |     1 ||     1
  Use: Potion            |     6 |     3 |     3 ||    12
       Scroll            |     5 |     6 |    11 ||    22
 Stab: Sleeping          |    13 |    27 |    13 ||    53
       Distracted        |     2 |       |     2 ||     4
  Eat: Royal jelly       |     1 |       |       ||     1
       Chunk             |       |     5 |    12 ||    17
       Fruit             |       |       |     2 ||     2
       Bread ration      |       |       |     1 ||     1
Armor: Skin              |     3 |    12 |    16 ||    31
Dodge: Dodged            |    16 |    73 |   139 ||   228
